 Dungeon Crawl Stone Soup version 0.24-a0-809-g71cb82dfb8 (webtiles) character file.

Game seed: 18267344253815923948, levelgen mode: deterministic

651 MisterOstroum the Skirmisher (level 7, -1/63 HPs)
             Began as a Troll Enchanter on Oct 11, 2019.
             Was a Follower of Hepliaklqana.
             Slain by a killer bee (5 damage)
             ... on level 7 of the Dungeon.
             The game lasted 00:05:38 (2370 turns).

MisterOstroum the Skirmisher (Troll Enchanter)      Turns: 2370, Time: 00:05:39

Health: -1/63      AC:  6    Str: 16 (19) XL:     7   Next: 28%
Magic:  5/7        EV:  9    Int:  9 (11) God:    Hepliaklqana [*.....]
Gold:   360        SH:  0    Dex:  7 (10) Spells: 7/8 levels left

rFire    . . .     SeeInvis .     - Unarmed
rCold    . . .     Gourm    +   (no shield)
rNeg     . . .     Faith    .   b - +0 robe
rPois    .         Spirit   .   (helmet restricted)
rElec    .         Reflect  .   (no cloak)
rCorr    .         Harm     .   (gloves unavailable)
MR       .....                  (boots unavailable)
Stlth    +.........             (no amulet)
HPRegen  0.60/turn              (no ring)
MPRegen  0.10/turn              (no ring)

@: lethally poisoned (-1 -> -12)
A: large, unfitting armour, reduced essence, claws 3, fast metabolism 3,
gourmand, regeneration 1, shaggy fur 1, tough skin 3
a: Recall Ancestor, Ancestor Identity, Renounce Religion


You were on level 7 of the Dungeon.
You worshipped Hepliaklqana.
Hepliaklqana was aware of your devotion.
You were completely stuffed.

You visited 1 branch of the dungeon, and saw 5 of its levels.

You collected 360 gold pieces.

Inventory:

Hand Weapons
 a - a +1 dagger
 i - a cursed -2 hunting sling
Missiles
 j - 147 stones (quivered)
 k - 11 sling bullets
Armour
 b - a +0 robe (worn)
Jewellery
 l - a +4 amulet of reflection {unknown}
 m - a cursed ring of teleportation {unknown}
 v - an uncursed ring of wizardry {unknown}
Scrolls
 c - 6 scrolls of identify {unknown}
 d - 2 scrolls of fear {unknown}
 f - a scroll of amnesia {unknown}
 g - a scroll of teleportation {unknown}
 o - 2 scrolls of magic mapping {unknown}
 s - a scroll of blinking {unknown}
 t - a scroll of immolation {unknown}
 u - a scroll of random uselessness {unknown}
 y - a scroll of fog {unknown}
 A - a scroll of enchant weapon {unknown}
Potions
 h - a potion of degeneration
 n - a potion of haste {unknown}
 p - a potion of brilliance {unknown}
 q - a potion of agility {unknown}
 r - 2 potions of flight {unknown}
 w - a potion of curing {@q1 !q}
 x - a potion of invisibility {unknown}
 z - a potion of ambrosia {unknown}
Comestibles
 e - 8 rations
 B - 5 chunks of flesh


   Skills:
 * Level 4.9 Fighting
 - Level 0.7 Short Blades
 - Level 1.5 Dodging
 - Level 1.5 Stealth
 + Level 4.8 Unarmed Combat
 - Level 1.2 Spellcasting
 - Level 2.0 Hexes


You had 7 spell levels left.
You knew the following spells:

 Your Spells              Type           Power        Failure   Level  Hunger
a - Corona                Hex            #......      16%         1    ##.....

Your spell library contained the following spells:

 Spells                   Type           Power        Failure   Level  Hunger
 Ensorcelled Hibernation  Hex/Ice        #.....       36%         2    ###....
 Confuse                  Hex            #.......     43%         3    ####...
 Tukima's Dance           Hex            #.......     43%         3    ####...
 Dazzling Spray           Conj/Hex       #.....       58%         3    ####...


Dungeon Overview and Level Annotations

Branches:
Dungeon (4/15)
 Temple: D:4-7

Altars:
Dithmenos
Gozag
Hepliaklqana
Xom


Innate Abilities, Weirdness & Mutations

You are too large for most types of armour.
You have claws for hands.
Your metabolism is lightning-fast.
You like to eat raw meat.
Your natural rate of healing is unusually fast.
You are covered in fur. (AC +1)
You have extremely tough skin. (AC +3)
Your life essence is reduced to manifest your ancestor. (-10% HP)


Message History

Simosihle hits the worker ant.
The worker ant bites you.
You closely miss the worker ant.
The worker ant is lightly wounded.
The worker ant bites you.
Simosihle closely misses the worker ant.
The worker ant barely misses you. The worker ant closely misses you.
You claw the worker ant!
You kill the worker ant!
The worker ant barely misses you.
You scratch the worker ant.
The worker ant is moderately wounded.
The worker ant bites you but does no damage.
Simosihle hits the worker ant.
You barely miss the worker ant.
The worker ant is heavily wounded.
The worker ant closely misses you.
Simosihle hits the worker ant.
You scratch the worker ant.
The worker ant is almost dead.
The worker ant barely misses you.
Simosihle hits the worker ant.
The worker ant dies!
No target in view!
You now have 360 gold pieces (gained 14).
You fall into a shaft and drop 3 floors!
The shaft crumbles and collapses.
A killer bee comes into view.
The killer bee buzzes angrily. 3 killer bees come into view.
Okay, then.
Unknown command.
Okay, then.
Unknown command.
Simosihle is recalled.
You miss the killer bee.
The killer bee stings you but does no damage. x3
The killer bee closely misses you.
Simosihle completely misses the killer bee.
The killer bee stings you.
You are poisoned.
The killer bee poisons you! The killer bee closely misses you.
You scratch the killer bee.
The killer bee is lightly wounded.
You feel sick. The killer bee barely misses you. The killer bee stings you.
You are more poisoned.
The killer bee poisons you! The killer bee barely misses you.
The killer bee stings you but does no damage.
The killer bee stings you.
You are more poisoned.
The killer bee poisons you! The killer bee barely misses you.
You barely miss the killer bee.
The killer bee is lightly wounded.
You feel sick. The killer bee closely misses you. x2
The killer bee stings you.
You are more poisoned.
The killer bee poisons you! The killer bee stings you.
You are more poisoned.
The killer bee poisons you! The killer bee stings you.
The killer bee barely misses you. The killer bee stings you.
Simosihle hits the killer bee.
You completely miss the killer bee.
The killer bee is moderately wounded.
You feel very sick. The killer bee barely misses you.
The killer bee completely misses you. The killer bee barely misses you.
The killer bee stings you.
You are more poisoned.
The killer bee poisons you! The killer bee closely misses you.
The killer bee stings you! The killer bee stings you.
The killer bee barely misses you.
Simosihle completely misses the killer bee.
You are too injured to fight recklessly!
It was a potion of degeneration.
There was something very wrong with that liquid.
You feel weakened.
You feel dopey.
You feel clumsy.
You feel very sick. The killer bee closely misses you.
The killer bee stings you but does no damage.
The killer bee barely misses you. The killer bee stings you.
* * * LOW HITPOINT WARNING * * *
You are more poisoned.
The killer bee poisons you!
The killer bee stings you but does no damage.
The killer bee stings you.
* * * LOW HITPOINT WARNING * * *
The killer bee stings you but does no damage. x2
Simosihle hits the killer bee.
It was a potion of curing.
You feel better. The killer bee stings you.
* * * LOW HITPOINT WARNING * * *
You are poisoned.
The killer bee poisons you! The killer bee stings you.
* * * LOW HITPOINT WARNING * * *
The killer bee stings you.
* * * LOW HITPOINT WARNING * * *
The killer bee stings you.
* * * LOW HITPOINT WARNING * * *
You are more poisoned.
The killer bee poisons you! The killer bee stings you.
* * * LOW HITPOINT WARNING * * *
You are more poisoned.
The killer bee poisons you!
The killer bee stings you but does no damage.
The killer bee stings you.
You die...

....#.
.....
##...##
##.....##
##.......##
#.........#
+...yy....+
#...@y....#
##..Ry...##
##.....##
##...##
##+##


You could see the friendly Simosihle the ancestor and 4 killer bees.

Vanquished Creatures
  Sigmund (D:2)
  An ogre (D:4)
  A howler monkey (D:4)
  A centaur skeleton (D:3)
  2 orc priests (D:3)
  A bullfrog skeleton (D:4)
  A worker ant (D:4)
  A howler monkey zombie (D:3)
  2 worker ant zombies (D:3)
  3 adders
  An ooze (D:2)
  An adder skeleton (D:4)
  3 worms (D:3)
  A dart slug (D:1)
  3 leopard geckos
  6 orcs
  4 ball pythons
  3 bats (D:3)
  2 giant cockroaches (D:3)
  6 goblins
  4 hobgoblins
  5 jackals
  A ball python skeleton (D:3)
  2 frilled lizards
  8 kobolds
  A quokka skeleton (D:3)
  6 rats
71 creatures vanquished.

Vanquished Creatures (collateral kills)
  2 worker ants (D:4)
  A worker ant zombie (D:3)
  An adder (D:3)
  An adder zombie (D:3)
  An orc (D:4)
  A giant cockroach (D:4)
  A goblin (D:3)
  A hobgoblin (D:3)
  A jackal (D:3)
  2 frilled lizards
  2 kobolds (D:3)
  A rat (D:3)
15 creatures vanquished.

Vanquished Creatures (others)
  An ancestor (D:4)
1 creature vanquished.

Grand Total: 87 creatures vanquished

Notes
Turn   | Place    | Note
-------+----------+-------------------------------------------
     0 | D:1      | MisterOstroum the Troll Enchanter began the quest for the
                  | Orb.
     0 | D:1      | Reached XP level 1. HP: 16/16 MP: 1/1
   154 | D:1      | Reached skill level 1 in Unarmed Combat
   201 | D:1      | Reached XP level 2. HP: 24/26 MP: 2/2
   228 | D:1      | Reached skill level 1 in Fighting
   484 | D:2      | Found a hazy altar of Hepliaklqana.
   498 | D:2      | Became a worshipper of Hepliaklqana the Forgotten
   716 | D:2      | Reached XP level 3. HP: 23/29 MP: 3/3
   766 | D:2      | Found an opulent altar of Gozag.
   889 | D:2      | Noticed Sigmund
   903 | D:2      | Killed Sigmund
   903 | D:2      | Reached XP level 4. HP: 6/40 MP: 4/4
   903 | D:2      | Reached XP level 5. HP: 7/47 MP: 5/5
  1043 | D:2      | Found a shimmering altar of Xom.
  1047 | D:2      | Found a shadowy altar of Dithmenos.
  1332 | D:3      | Reached XP level 6. HP: 46/54 MP: 4/6
  1651 | D:3      | Reached * piety under Hepliaklqana
  2217 | D:4      | Reached XP level 7. HP: 63/63 MP: 7/7
  2363 | D:4      | You fall into a shaft and drop 3 floors!
  2370 | D:7      | Slain by a killer bee

Levels and vault maps discovered:
D:1:      minmay_arrival_wavy_path, layout_rooms, moated_statue
D:2:      layout_loops_cross, nicolae_overflow_hidden_temple,
          overflow_temple_1_default,
          nicolae_gozag_cash_rules_everything_around_me, uniq_sigmund
D:3:      layout_basic, serial_undead, serial_undead_c, serial_undead_d,
          serial_undead_b, serial_undead_f, minmay_joined_circles
D:4:      layout_cave_pools, first_ration, vehumet_altar_wand_db
D:7:      layout_loops_corners, minmay_temple_entry_drinking_statues,
          serial_shops, shop

Skill      XL: |  1  2  3  4  5  6 |
---------------+-------------------+-----
Unarmed Combat | 1 3 4 |  4.8
Fighting       | 1 3 4 |  4.9
Short Blades   | |  0.7
Dodging        | |  1.5
Stealth        | |  1.5
Spellcasting   | |  1.2
Hexes          | |  2.0

Action                   |  1- 3 |  4- 6 |  7- 9 || total
-------------------------+-------+-------+-------++-------
Melee: Unarmed           |    65 |   137 |    21 ||   223
       Punch             |       |     2 |       ||     2
Invok: Ancestor Identity |       |     2 |       ||     2
       Recall Ancestor   |       |     4 |     1 ||     5
  Use: Potion            |       |       |     2 ||     2
 Stab: Sleeping          |     1 |     1 |       ||     2
  Eat: Chunk             |    10 |    16 |     1 ||    27
Armor: Robe              |    22 |    59 |    11 ||    92
Dodge: Dodged            |    23 |    63 |    30 ||   116

Table legend:
 A = Non-vault XP
 B = Vault XP
 C = Vault XP percentage of total XP
 D = Non-vault monster count
 E = Vault monster count
 F = Vault count percentage of total count
                 A         B        C        D         E       F
            +---------+---------+-------+---------+---------+-------
      Total |     548 |     383 |  41.1 |      66 |      20 |  23.3
            +---------+---------+-------+---------+---------+-------
        D:1 |      29 |       0 |   0.0 |      17 |       0 |   0.0
        D:2 |      25 |     231 |  90.2 |       6 |       1 |  14.3
        D:3 |     162 |     152 |  48.4 |      31 |      19 |  38.0
        D:4 |     332 |       0 |   0.0 |      12 |       0 |   0.0
            +---------+---------+-------+---------+---------+-------
